 Dungeon Crawl Stone Soup version 0.30.0-19-g36f170ea60 (webtiles) character file.

Game seed: 18299577818597757403

6288 croobank the Sneak (level 10, -8/77 HPs)
             Began as a Demonspawn Delver on May 26, 2023.
             Mangled by a sixfirhy (9 damage)
             ... on level 2 of the Abyss.
             The game lasted 00:49:59 (10157 turns).

croobank the Sneak (Demonspawn Delver)             Turns: 10157, Time: 00:50:00

Health: -8/77      AC:  9    Str: 12    XL:     10   Next: 63%
Magic:  6/17       EV: 15    Int: 15    God:
Gold:   421        SH:  4    Dex: 22    Spells: 11/19 levels left

rFire   + . .        a - +3 short sword (venom)
rCold   . . .        (no shield)
rNeg    . . .        o - +2 leather armour {rF+}
rPois   .            p - +1 helmet
rElec   .            (no cloak)
rCorr   .            C - +1 pair of gloves {infuse}
SInv    .            (no boots)
Will    .....        (no amulet)
Stlth   ++++         x - ring of wizardry
HPRegen 0.32/turn    H - +6 ring of dexterity
MPRegen 0.30/turn

%: wizardry (x1), infuse magic (1 MP)
@: weak-willed, very slightly contaminated
A: hooves 2, large bone plates 1, magic regeneration
a: no special abilities


You were on level 2 of the Abyss.
You visited 2 branches of the dungeon, and saw 10 of its levels.
You visited the Abyss 1 time.

You collected 421 gold pieces.

Inventory:

Hand Weapons
 a - a +3 short sword of venom (weapon)
 h - a +0 war axe of venom
 m - a +3 morningstar of freezing
 s - a +2 dagger of electrocution
 v - a +0 whip of electrocution
 D - a +2 hand axe of flaming
 N - a +1 dagger of venom
 P - a +2 trident of protection
Missiles
 j - 3 boomerangs
 y - 14 poisoned darts (quivered)
 F - a throwing net
Armour
 o - a +2 leather armour of fire resistance (worn)
 p - a +1 helmet (worn)
 C - a +1 pair of gloves of infusion (worn)
 K - a scarf of shadows
Magical Staves
 q - a staff of poison
Jewellery
 l - a +4 ring of protection
 u - an amulet of reflection
 x - a ring of wizardry (left hand)
 G - a ring of magical power
 H - a +6 ring of dexterity (right hand)
 M - an amulet of the acrobat
Wands
 g - a wand of digging (3)
 r - a wand of flame (6)
Scrolls
 c - 4 scrolls of fog
 d - 2 scrolls of magic mapping
 e - 2 scrolls of identify
 i - 2 scrolls of teleportation
Potions
 b - 4 potions of lignification
 k - a potion of invisibility
 n - 3 potions of flight
 t - a potion of mutation
 z - 2 potions of might
 E - 4 potions of resistance
 J - a potion of cancellation
 O - a potion of attraction


   Skills:
 - Level 6.7 Fighting
 - Level 5.0 Short Blades
 - Level 5.7 Dodging
 - Level 7.6 Stealth
 - Level 5.3 Spellcasting
 - Level 4.1 Hexes
 - Level 4.1 Summonings
 + Level 5.4 Necromancy
 + Level 4.4 Earth Magic


You had 11 spell levels left.
You knew the following spells:

 Your Spells              Type           Power      Damage    Failure   Level
a - Summon Guardian Gole  Hex/Summ       16%        N/A       4%          3
b - Borgnjor's Vile Clut  Necr/Erth      9%         N/A       28%         5

Your spell library contained the following spells:

 Spells                   Type           Power      Damage    Failure   Level
 Cigotuvi's Dreadful Rot  Necr/Pois/Air  18%        N/A       6%          2
 Animate Dead             Necr           20%        N/A       9%          4
 Gell's Gravitas          Tloc           3%         N/A       24%         3
 Ignite Poison            Fire/Tmut/Pois 3%         N/A       24%         3
 Teleport Other           Tloc           3%         N/A       24%         3
 Death Channel            Necr           10%        N/A       77%         6
 Freezing Cloud           Conj/Ice/Air   1%         6-21      89%         5
 Dispersal                Tloc           1%         N/A       100%        6
 Malign Gateway           Summ/Tloc      5%         N/A       100%        7
 Orb of Destruction       Conj           1%         9d5       100%        7
 Spellforged Servitor     Conj/Summ      5%         N/A       100%        7
 Summon Horrible Things   Summ           8%         N/A       100%        8


Dungeon Overview and Level Annotations

Branches:
Dungeon (9/15)             Temple (1/1) D:6            Lair (0/5) D:9
    Orc: D:9-12

Altars:
Ashenzari
Cheibriados
Dithmenos
Fedhas
Gozag
Hepliaklqana
Kikubaaqudgha
Nemelex Xobeh
Okawaru
Qazlal
Ru
Sif Muna
Trog
Uskayaw
Vehumet
Wu Jian
Xom
Yredelemnul

Annotations:
D:9 exclusion: skeletal warrior, Psyche


Innate Abilities, Weirdness & Mutations

You have hoof-like feet.
You are partially covered in large bone plates. (SH +4)
You regenerate magic rapidly.


Message History

A sixfirhy comes into view.
The phantasmal warrior gestures at you.
The phantasmal warrior blinks!
You swap places.
The phantasmal warrior hits you!!
* * * LOW HITPOINT WARNING * * *
The phantasmal warrior gestures at you.
The phantasmal warrior blinks!
Okay, then.
As you read the scroll of fear, it crumbles to dust.
You assume a fearsome visage.
The phantasmal warrior is unaffected.
The sixfirhy easily resists.
The sixfirhy barely misses you. You block the sixfirhy's attack.
The sixfirhy closely misses you. The sixfirhy misses you.
The phantasmal warrior misses you.
Blink to where?
Press: ? - help, Dir - move target
As you read the scroll of blinking, it crumbles to dust.
The sixfirhy hits your guardian golem.
The sixfirhy shocks your guardian golem.
Your guardian golem resists.
Something hits your guardian golem!!
Your guardian golem overheats!
Unknown command.
Casting: Summon Guardian Golem (dangerous; 4% risk of failure)
Confirm with . or Enter, or press ? or * to list all spells.
Aiming: Borgnjor's Vile Clutch (quite dangerous; 28% risk of failure)
Press: ? - help, Shift-Dir - straight line, f - sixfirhy
Aim: a sixfirhy (100% to hit)
You miscast Borgnjor's Vile Clutch.
You are very lightly contaminated with residual magic.
You are caught in an explosion of flying shrapnel.
* * * LOW HITPOINT WARNING * * *
The sixfirhy hits you but does no damage.
The sixfirhy closely misses you. The sixfirhy hits you.
* * * LOW HITPOINT WARNING * * *
The sixfirhy shocks you!
* * * LOW HITPOINT WARNING * * *
The sixfirhy hits you.
* * * LOW HITPOINT WARNING * * *
The sixfirhy shocks you!
You die...

..#.##...####.##......
#.....#..##..#..#.#.#
. #.....#..#9#.W.W3..#
.. .......#....#...#.
#
..###.#....#..#..##..
.........#..# #... . #
####.##.###...##..#.#
#.....3.# ####...## #
..#...@#..# #.#
#...###..#.# ##.. ..
.#.### .. #.### #. #.
##


You could see a sixfirhy and a friendly guardian golem (summoned, inner flame).

Vanquished Creatures
  A two-headed ogre (D:8)
  A komodo dragon (D:9)
  6 yaks
  A basilisk (D:9)
  Pargi (D:3)
  An orc warrior (D:7)
  An ice beast (D:5)
  3 black bears
  3 centaurs
  2 phantoms (D:5)
  Blork the orc (D:4)
  A gnoll sergeant (Temple)
  5 scorpions
  4 wights (D:8)
  3 killer bees (D:9)
  3 howler monkeys
  4 hounds
  An iron imp (Abyss:1)
  9 orc priests
  4 iguanas
  2 sleepcaps
  8 orc wizards
  13 gnolls
  Robin (D:2)
  7 adders
  2 shadow imps
  3 white imps
  An ufetubus (D:6)
  A worm (D:2)
  2 dart slugs (D:1)
  47 orcs
  7 ball pythons
  2 endoplasms
  3 giant cockroaches
  17 goblins
  11 hobgoblins
  2 jackals (D:3)
  2 quokkas
  5 bats
  2 frilled lizards
  8 kobolds
  10 rats
211 creatures vanquished.

Vanquished Creatures (others)
  2 wyverns (D:9)
  5 yaks (D:9)
  A steam dragon (D:9)
  A basilisk (D:9)
  5 killer bees (D:9)
  7 starspawn tentacles (Abyss:1)
21 creatures vanquished.

Grand Total: 232 creatures vanquished

Notes
Turn   | Place    | Note
-------+----------+-------------------------------------------
     0 | D:5      | croobank the Demonspawn Delver began the quest for the Orb.
     0 | D:5      | Reached XP level 1. HP: 18/18 MP: 1/1
     4 | D:6      | Noticed an orc priest
   112 | D:4      | Noticed an iguana
   140 | D:4      | Found a shadowy altar of Dithmenos.
   140 | D:4      | Noticed a howler monkey
   167 | D:4      | Noticed a phantom
   176 | D:4      | Noticed Pargi
   358 | D:3      | Gained mutation: You have large cloven feet. [demonic
                  | ancestry]
   358 | D:3      | Reached XP level 2. HP: 11/24 MP: 2/2
   528 | D:3      | Found a sacrificial altar of Ru.
   579 | D:2      | Reached XP level 3. HP: 29/29 MP: 3/3
   918 | D:1      | Reached skill level 5 in Stealth
  1095 | D:1      | Gained mutation: You are partially covered in large bone
                  | plates. (SH +4) [demonic ancestry]
  1095 | D:1      | Reached XP level 4. HP: 30/35 MP: 4/4
  1334 | D:2      | Noticed Robin
  1357 | D:2      | Killed Robin
  1984 | D:3      | Found an ancient bone altar of Kikubaaqudgha.
  2319 | D:3      | Found a basalt altar of Yredelemnul.
  2325 | D:3      | Found a bloodstained altar of Trog.
  2336 | D:3      | Reached XP level 5. HP: 40/42 MP: 5/5
  2556 | D:3      | Killed Pargi
  2757 | D:3      | Reached XP level 6. HP: 42/48 MP: 6/6
  3207 | D:5      | Reached skill level 6 in Stealth
  3207 | D:5      | Gained mutation: You regenerate magic rapidly. [demonic
                  | ancestry]
  3207 | D:5      | Reached XP level 7. HP: 39/55 MP: 7/7
  3308 | D:4      | Noticed an angel
  3428 | D:4      | Reached skill level 5 in Fighting
  3807 | D:4      | Noticed Blork the orc
  3859 | D:4      | Killed Blork the orc
  3860 | D:4      | Gained mutation: You have hoof-like feet. [demonic
                  | ancestry]
  3860 | D:4      | Reached XP level 8. HP: 25/63 MP: 8/8
  4008 | D:4      | Learned a level 3 spell: Summon Guardian Golem
  4482 | D:5      | Reached skill level 1 in Spellcasting
  4482 | D:5      | Reached skill level 1 in Hexes
  4482 | D:5      | Reached skill level 1 in Summonings
  5072 | D:6      | Found a staircase to the Ecumenical Temple.
  5087 | Temple   | Entered the Ecumenical Temple
  7067 | D:7      | Reached XP level 9. HP: 68/68 MP: 11/14
  7676 | D:7      | Found a hide-covered altar of Uskayaw.
  7701 | D:7      | Found an opulent altar of Gozag.
  7964 | D:8      | Noticed a two-headed ogre
  7977 | D:8      | Killed a two-headed ogre
  7978 | D:8      | Reached skill level 5 in Short Blades
  7978 | D:8      | Reached skill level 5 in Dodging
  7978 | D:8      | Reached skill level 7 in Stealth
  8080 | D:8      | Reached skill level 5 in Spellcasting
  8350 | D:7      | Reached XP level 10. HP: 74/77 MP: 13/17
  8805 | D:8      | Learned a level 5 spell: Borgnjor's Vile Clutch
  9004 | D:9      | Reached skill level 1 in Necromancy
  9140 | D:9      | Reached skill level 1 in Earth Magic
  9439 | D:9      | Noticed a skeletal warrior
  9750 | D:9      | Reached skill level 5 in Necromancy
  9844 | D:9      | Found a staircase to the Lair.
  9983 | D:9      | Noticed Psyche
  9998 | Abyss:1  | Cast into level 1 of the Abyss (Psyche)
 10070 | Abyss:1  | Noticed a tentacled starspawn
 10135 | Abyss:2  | Noticed a phantasmal warrior
 10146 | Abyss:2  | Noticed a sixfirhy
 10157 | Abyss:2  | HP: 1/77 [sixfirhy (5)]
 10157 | Abyss:2  | Mangled by a sixfirhy

Illustrated notes

Levels and vault maps discovered:
D:1:      tekkud_arrival_beachfront_property, layout_rooms
D:2:      layout_basic, uniq_robin
D:3:      layout_basic, nicolae_kikubaaqudgha_miasma_corner,
          nicolae_overflow_hidden_temple, nicolae_ru_great_annihilating_truth,
          nicolae_kite_square_tiling_tiny, kennysheep_pointless_box
D:4:      layout_basic, nicolae_dithmenos_shadow_blocks, zin_angel,
          corner_web_ring, uniq_blork_the_orc, uniq_pargi
D:5:      layout_loops_cross
D:6:      layout_layer_cave, minmay_temple_entry_arrows
D:7:      layout_rooms, mainiacjoe_overflow_swirl
D:8:      layout_gridville, nrook_mini_vaults
D:9:      layout_roguey, demons_altar, erik_lair_dragon,
          small_chamber_with_monster, uniq_psyche
Temple:   nicolae_temple_god_jail
Abyss:2:  base: Temple, hangedman_abyss_or_decor_slice

Skill      XL: |  1  2  3  4  5  6  7  8  9 10 |
---------------+-------------------------------+-----
Short Blades   | 2 3 4 5 |  5.0
Dodging        | 2 3 4 5 |  5.7
Stealth        | 5 6 7 |  7.6
Fighting       | 4 5 6 |  6.7
Spellcasting   | 3 5 |  5.3
Hexes          | 3 4 |  4.1
Summonings     | 3 4 |  4.1
Necromancy     | 5 |  5.4
Earth Magic    | 4 |  4.4

Action                     |  1- 3 |  4- 6 |  7- 9 | 10-12 || total
---------------------------+-------+-------+-------+-------++-------
  Melee: Short sword       |   125 |   191 |   357 |    62 ||   735
         Kick              |    26 |    48 |   131 |    25 ||   230
         Punch             |       |     3 |     6 |     3 ||    12
         Hand axe          |       |       |    21 |       ||    21
         Staff             |       |       |       |    13 ||    13
  Throw: Dart              |       |       |    11 |       ||    11
         Throwing net      |       |       |     1 |       ||     1
   Cast: Summon Guardian G |       |       |       |    15 ||    15
         Borgnjor's Vile C |       |       |       |     4 ||     4
    Use: Scroll            |     2 |     4 |    17 |     4 ||    27
         Potion            |     2 |       |     3 |       ||     5
   Stab: Sleeping          |     8 |     6 |     6 |     8 ||    28
         Distracted        |     1 |       |       |       ||     1
         Paralysed         |       |     1 |       |       ||     1
         Held in net/web   |       |       |     1 |       ||     1
 Armour: Leather armour    |    29 |    47 |    77 |    18 ||   171
  Dodge: Dodged            |    75 |    85 |   171 |    65 ||   396
  Block: Other             |       |    26 |    51 |    15 ||    92
